 Dungeon Crawl Stone Soup version 0.26-a0-663-g36e8fdb655 (webtiles) character file.

Game seed: 3386266081306003526

326 snetch the Chopper (level 6, 0/79 HPs)
             Began as a Minotaur Berserker on Oct 12, 2020.
             Was a Believer of Trog.
             Slain by a worker ant (5 damage)
             ... on level 4 of the Dungeon.
             The game lasted 00:05:12 (1562 turns).

snetch the Chopper (Minotaur Berserker)             Turns: 1562, Time: 00:05:13

Health: 0/79       AC:  6    Str: 24    XL:     6   Next: 24%
Magic:  5/5        EV: 12    Int:  4    God:    Trog [**....]
Gold:   142        SH:  0    Dex:  9    Spells: 5/5 levels left

rFire    . . .     SeeInvis .   b - +1 flail (holy)
rCold    . . .     Faith    .   (no shield)
rNeg     . . .     Spirit   .   p - +0 ring mail (curse)
rPois    .         Reflect  .   (helmet restricted)
rElec    .         Harm     .   j - +0 cloak
rCorr    .         Rampage  .   (no gloves)
MR       ++...                  (no boots)
Stlth    ..........             (no amulet)
HPRegen  1.23/turn              (no ring)
MPRegen  0.09/turn              (no ring)

@: berserking, lethally poisoned (0 -> -2), regenerating, very quick
A: retaliatory headbutt, horns 2
a: Berserk, Trog's Hand, Renounce Religion


You were on level 4 of the Dungeon.
You worshipped Trog.
Trog was pleased with you.
You visited 1 branch of the dungeon, and saw 4 of its levels.

You collected 142 gold pieces.

Inventory:

Hand Weapons
 a - a +0 hand axe
 b - a +1 flail of holy wrath (weapon)
 c - a +0 halberd
Missiles
 e - 30 stones
 m - 8 poisoned darts (quivered)
 n - 2 boomerangs
 r - 8 bolts
Armour
 j - a +0 cloak (worn)
 p - a cursed +0 ring mail (worn)
Scrolls
 d - a scroll of remove curse {unknown}
 h - a scroll of teleportation {unknown}
 i - 2 scrolls of identify {unknown}
 k - 2 scrolls of fog {unknown}
Potions
 f - 3 potions of curing {unknown}
 g - a potion of degeneration {unknown}
 l - a potion of heal wounds {unknown}
 o - a potion of brilliance {unknown}
 q - a potion of haste {unknown}
 s - a potion of might {unknown}


   Skills:
 + Level 4.7 Fighting
 * Level 7.1 Axes
 + Level 0.5(4.4) Maces & Flails
 + Level 0.9 Throwing
 + Level 2.8 Armour
 + Level 2.9 Dodging
 + Level 0.5 Stealth


You had 5 spell levels left.
You didn't know any spells.
Your spell library was empty.

Dungeon Overview and Level Annotations

Branches:
Dungeon (4/15)             Temple (0/1) D:4

Altars:
Elyvilon
Hepliaklqana


Innate Abilities, Weirdness & Mutations

You reflexively headbutt those who attack you in melee.
You have a pair of horns on your head.


Message History

Your skin crawls.
You feel resistant to hostile enchantments.
The worker ant bites you.
* * * LOW HITPOINT WARNING * * *
You are more poisoned.
The worker ant poisons you!
A red film seems to cover your vision as you go berserk!
You feel yourself moving faster!
You feel mighty!
You feel sick. The worker ant closely misses you. You furiously retaliate!
You headbutt the worker ant, but do no damage.
You closely miss the worker ant.
The worker ant is moderately wounded.
You feel sick. The worker ant bites you.
* * * LOW HITPOINT WARNING * * *
You are more poisoned.
The worker ant poisons you!
You closely miss the worker ant.
The worker ant is moderately wounded.
You feel sick. The worker ant bites you.
You die...

(.<.....# ........#
........# (.......#
........# ........#
......B)#
.......@###### ♣♣♣
..........)).♣♣
♣♣♣.♣♣
.######.......♣♣
♣♣.....
#........♣♣♣......
#....≈≈≈...♣...≈≈≈.
#...≈≈≈≈≈.....≈≈≈≈≈
#...≈≈♣≈≈.)...≈≈_≈≈
#...≈≈≈≈≈.)†..≈≈≈≈≈
#....≈≈≈..[♣)..≈≈≈.


You could see a worker ant (poisoned).

Vanquished Creatures
  An ice beast (D:4)
  An orc priest (D:4)
  A centaur skeleton (D:4)
  An orc wizard (D:4)
  A worker ant (D:2)
  3 gnolls (D:2)
  3 adders
  An ooze (D:2)
  2 worms (D:2)
  3 dart slugs
  2 leopard geckos (D:2)
  7 orcs (D:4)
  8 bats
  2 giant cockroaches
  4 goblins (D:2)
  3 hobgoblins
  5 kobolds
  A quokka (D:2)
  2 frilled lizards
  4 rats
55 creatures vanquished.

Notes
Turn   | Place    | Note
-------+----------+-------------------------------------------
     0 | D:1      | snetch the Minotaur Berserker began the quest for the Orb.
     0 | D:1      | Reached XP level 1. HP: 19/19 MP: 0/0
   174 | D:1      | Reached skill level 4 in Axes
   252 | D:1      | Reached XP level 2. HP: 27/27 MP: 1/1
   454 | D:1      | Reached XP level 3. HP: 32/33 MP: 2/2
   596 | D:2      | Reached ** piety under Trog
   596 | D:2      | Reached skill level 5 in Axes
   926 | D:2      | Reached XP level 4. HP: 40/40 MP: 3/3
  1281 | D:2      | Reached skill level 6 in Axes
  1375 | D:3      | Found a hazy altar of Hepliaklqana.
  1401 | D:4      | Reached XP level 5. HP: 46/46 MP: 4/4
  1421 | D:4      | Found a staircase to the Ecumenical Temple.
  1470 | D:4      | Found a white marble altar of Elyvilon.
  1519 | D:4      | Noticed an ice beast
  1529 | D:4      | Killed an ice beast
  1529 | D:4      | Reached skill level 7 in Axes
  1529 | D:4      | Reached XP level 6. HP: 25/53 MP: 5/5
  1534 | D:4      | HP: 2/53 [centaur skeleton (2)]
  1562 | D:4      | Slain by a worker ant

Illustrated notes

Levels and vault maps discovered:
D:1:      elethiomel_arrival_shortcut, layout_basic, dk_noncrumbling_3
D:2:      minmay_alternating_diamond, layout_basic,
          minmay_fractal_squares_gapless_5
D:3:      gammafunk_steamed_eel, layout_basic, nicolae_overflow_hidden_temple,
          uniq_crazy_yiuf_cottage
D:4:      layout_basic, elyvilon_altar_3, temple_pool_b, portal_sewer_entry_b,
          minmay_vboxes

Skill      XL: |  1  2  3  4  5 |
---------------+----------------+-----
Axes           | 4 5 6 7 |  7.1
Fighting       | 4 |  4.7
Maces & Flails | |  0.5
Throwing       | |  0.9
Armour         | |  2.8
Dodging        | |  2.9
Stealth        | |  0.5

Action                   |  1- 3 |  4- 6 || total
-------------------------+-------+-------++-------
Melee: Hand axe          |    49 |    57 ||   106
       Headbutt          |     8 |    17 ||    25
       Flail             |       |    21 ||    21
Throw: Dart              |     3 |     7 ||    10
Invok: Berserk           |     1 |     1 ||     2
       Trog's Hand       |       |     2 ||     2
 Stab: Sleeping          |     1 |       ||     1
Armor: Animal skin       |    14 |     2 ||    16
       Ring mail         |       |    14 ||    14
Dodge: Dodged            |    35 |    48 ||    83

Table legend: (Time is in decaauts)
 A = Elapsed time spent in this place.
 B = Non-inter-level travel time spent in this place.
 C = Inter-level travel time spent in this place.
 D = Time resting spent in this place.
 E = Time spent auto-exploring this place.
 F = Levels seen in this place.
 G = Mean time per level.
                   A        B        C        D        E       F      G
               +--------+--------+--------+--------+--------+-----+--------+
         Total |   1586 |   1565 |     21 |      0 |    956 |   4 |  396.5 |
       Dungeon |   1586 |   1565 |     21 |      0 |    956 |   4 |  396.5 |
               +--------+--------+--------+--------+--------+-----+--------+

Top non-repeatable levels by time:
     D:1: 838 daAuts
     D:2: 528 daAuts
     D:4: 172 daAuts
     D:3: 46 daAuts
